 Dungeon Crawl Stone Soup version 0.18.1-48-g4cf74bf (webtiles) character file.

1580 dearth the Fighter (level 8, -9/79 HPs)
             Began as a Minotaur Fighter on Aug 7, 2016.
             Mangled by an orc warrior
             ... wielding a +0 dire flail
              (10 damage)
             ... on level 6 of the Dungeon.
             The game lasted 00:15:33 (5475 turns).

dearth the Fighter (Minotaur Fighter)               Turns: 5475, Time: 00:15:34

Health: -9/79      AC:  6    Str: 22      XL:     8   Next: 60%
Magic:  7/7        EV:  7    Int:  3 (5)  God:
Gold:   247        SH:  9    Dex: 11      Spells: 0 memorised, 7 levels left

rFire  . . .     SeeInvis .     y - +0 morningstar
rCold  . . .     Gourm    .     b - +0 scale mail
rNeg   + . .     Faith    .     c - +0 shield
rPois  .         Spirit   .     (helmet restricted)
rElec  .         Dismiss  .     (no cloak)
rCorr  .         Reflect  .     (no gloves)
SustAt .         Harm     .     (no boots)
MR     .....                    (no amulet)
Stlth  ..........               (no ring)
                                r - ring of positive energy

@: very slightly contaminated, not resistant to hostile enchantments, extremely
unstealthy
A: retaliatory headbutt, horns 2
a: no special abilities


You were on level 6 of the Dungeon.
You were near starving.

You visited 1 branch of the dungeon, and saw 6 of its levels.

You collected 247 gold pieces.

Inventory:

Hand Weapons
 y - a +0 morningstar (weapon)
 G - a +0 spear (quivered)
Armour
 b - a +0 scale mail (worn)
 c - a +0 shield (worn)
Jewellery
 r - a ring of positive energy (left hand)
Wands
 l - a wand of acid (12/15)
Scrolls
 e - a scroll of amnesia {unknown}
 g - a scroll of random uselessness {unknown}
 i - 4 scrolls of recharging {unknown}
 j - 2 scrolls of remove curse {unknown}
 m - a scroll of enchant armour {unknown}
 n - 2 scrolls of fear {unknown}
 o - 6 scrolls of identify {unknown}
 B - a scroll of immolation {unknown}
 D - a scroll of teleportation {unknown}
 E - a scroll of fog {unknown}
Potions
 w - 2 potions of agility
Books
 C - a book of Callings

   Spells                             Type                      Level
   a - Summon Small Mammal            Summoning                    1
   b - Call Imp                       Summoning                    2
   c - Call Canine Familiar           Summoning                    3
   d - Summon Guardian Golem          Hexes/Summoning              3
   e - Summon Lightning Spire         Summoning/Air                4
   f - Summon Ice Beast               Ice/Summoning                4
Comestibles
 f - 4 bread rations
 h - 2 meat rations
 t - 9 fruits
 u - 2 beef jerkies


   Skills:
 + Level 9.9 Fighting
 + Level 9.4 Maces & Flails
 - Level 3.6 Armour
 - Level 3.6 Shields


You had 7 spell levels left.
You didn't know any spells.

Dungeon Overview and Level Annotations

Branches:
Dungeon (6/15)
 Temple: D:4-7

Altars:
Pakellas
Sif Muna
Xom
Zin

Shops:
D:5 }


Innate Abilities, Weirdness & Mutations

You reflexively headbutt those who attack you in melee.
You have a pair of horns on your head.


Message History

* * * LOW HITPOINT WARNING * * *
The orc hits you with a short sword.
* * * LOW HITPOINT WARNING * * *
You completely miss the orc warrior.
The orc warrior is heavily wounded.
The orc warrior barely misses you. You block the orc's attack.
You hit the orc warrior but do no damage.
Your headbutt misses the orc warrior.
The orc warrior is heavily wounded.
You block the orc warrior's attack. The orc hits you but does no damage.
You hit the orc warrior but do no damage.
The orc warrior is heavily wounded.
The orc warrior hits you with a dire flail!
* * * LOW HITPOINT WARNING * * *
The orc hits you but does no damage.
Unknown command.
You closely miss the orc warrior. Your headbutt misses the orc warrior.
The orc warrior is heavily wounded.
The orc warrior hits you with a dire flail!
You die...

♣.## .## #. #$# ##
..#.. #.#... #.....
#############...#
................#####
######.........oo...#
#........>†@...#
#..........?(..##.#
#.................#
#..............####
#..............#
#..............#
####.......#.###
#.#####.#.# #.. ....#


You could see an orc warrior and an orc.

Vanquished Creatures
  Prince Ribbit (D:5)
  Sigmund (D:6)
  An orc warrior (D:5)
  2 phantoms (D:5)
  The ghost of ThereIsNoGod the Chopper, an amateur MiGl (D:3)
  2 ogres
  A giant frog (D:6)
  Blork the orc (D:5)
  A howler monkey (D:5)
  A crimson imp (D:5)
  An orc priest (D:6)
  2 hounds (D:6)
  An iguana (D:6)
  3 orc wizards (D:6)
  3 worker ants (D:5)
  A hound skeleton (D:5)
  4 gnolls (D:6)
  7 adders
  An ooze (D:5)
  An adder zombie (D:5)
  An adder skeleton (D:4)
  5 worms
  3 dart slugs
  3 giant geckos
  17 orcs
  2 ball pythons
  8 giant cockroaches
  3 goblins
  8 hobgoblins
  2 jackals (D:4)
  2 quokkas (D:3)
  A bat (D:1)
  5 giant newts
  14 kobolds
  12 rats
122 creatures vanquished.

Vanquished Creatures (others)
  A wolf spider (D:3)
1 creature vanquished.

Grand Total: 123 creatures vanquished

Notes
Turn   | Place    | Note
--------------------------------------------------------------
     0 | D:1      | dearth the Minotaur Fighter began the quest for the Orb.
     0 | D:1      | Reached XP level 1. HP: 19/19 MP: 0/0
   124 | D:1      | Reached XP level 2. HP: 24/27 MP: 1/1
   802 | D:2      | Reached XP level 3. HP: 31/34 MP: 2/2
  1546 | D:3      | Reached XP level 4. HP: 41/41 MP: 3/3
  1573 | D:3      | Reached skill level 5 in Fighting
  1656 | D:3      | Noticed ThereIsNoGod's ghost (amateur MiGl)
  1667 | D:3      | Killed ThereIsNoGod's ghost
  1667 | D:3      | Reached XP level 5. HP: 19/50 MP: 4/4
  1751 | D:3      | Found an oddly glowing altar of Pakellas.
  1751 | D:3      | Noticed a wolf spider
  1762 | D:3      | Killed a wolf spider
  1943 | D:3      | Reached skill level 5 in Maces & Flails
  2844 | D:5      | Entered Level 5 of the Dungeon
  2982 | D:5      | Reached XP level 6. HP: 58/58 MP: 5/5
  3047 | D:5      | Found Toigeyv's Gadget Boutique.
  3384 | D:5      | Noticed Blork the orc
  3404 | D:5      | Killed Blork the orc
  3404 | D:5      | Reached XP level 7. HP: 38/66 MP: 6/6
  3460 | D:5      | Noticed Prince Ribbit
  3778 | D:5      | Killed Prince Ribbit
  4016 | D:5      | Found a glowing silver altar of Zin.
  4016 | D:5      | Found a deep blue altar of Sif Muna.
  4017 | D:5      | Found a shimmering altar of Xom.
  4578 | D:5      | Reached XP level 8. HP: 17/77 MP: 7/7
  4959 | D:6      | HP: 2/78 [something (2)]
  5210 | D:6      | Found a shimmering altar of Xom.
  5210 | D:6      | Found a shimmering altar of Xom.
  5354 | D:6      | Found a shimmering altar of Xom.
  5370 | D:6      | Noticed Sigmund
  5392 | D:6      | Killed Sigmund
  5474 | D:6      | HP: 1/79 [orc warrior/dire flail (15)]
  5475 | D:6      | Mangled by an orc warrior

Skill      XL: |  1  2  3  4  5  6  7  8 |
---------------+-------------------------+-----
Fighting       | 4 5 6 7 8 9 |  9.9
Maces & Flails | 3 4 5 6 8 9 |  9.4
Armour         | |  3.6
Shields        | |  3.6

Action                   |  1- 3 |  4- 6 |  7- 9 || total
-------------------------+-------+-------+-------++-------
Melee: Flail             |    97 |    50 |       ||   147
       Headbutt          |    18 |    22 |    13 ||    53
       Morningstar       |       |   105 |   112 ||   217
  Use: Potion            |       |     1 |    13 ||    14
  Eat: Chunk             |     2 |     6 |     2 ||    10
       Fruit             |       |       |     5 ||     5
Armor: Scale mail        |    38 |    48 |    38 ||   124
Dodge: Dodged            |    33 |    42 |    32 ||   107
Block: Shield            |    48 |    60 |    32 ||   140
